 Dungeon Crawl Stone Soup version 0.20-a0-792-g09bcfd3 (webtiles) character file.

169 Icer the Magician (level 5, 0/40 HPs)
             Began as a Draconian Wizard on Mar 1, 2017.
             Slain by an adder (1 damage)
             ... on level 3 of the Dungeon.
             The game lasted 00:17:28 (2695 turns).

Icer the Magician (Draconian Wizard)                Turns: 2695, Time: 00:17:29

Health: 0/40       AC:  8    Str:  9    XL:     5   Next: 25%
Magic:  3/11       EV: 12    Int: 20    God:    Xom [.*....]
Gold:   85         SH:  0    Dex: 13    Spells: 7/12 levels left

rFire    . . .     SeeInvis .   f - +0 mace (curse)
rCold    . . .     Gourm    .   (armour unavailable)
rNeg     . . .     Faith    .   (no shield)
rPois    .         Spirit   .   a - +0 hat
rElec    .         Reflect  .   d - +2 cloak
rCorr    .         Harm     .   (no gloves)
MR       .....                  (no boots)
Stlth    ++........             (no amulet)
Regen    0.2/turn               (no ring)
MPRegen  0.2/turn               (no ring)

@: lethally poisoned (0 -> -11)
A: unfitting armour, agile 2, cold-blooded, AC +5
a: Renounce Religion


You were on level 3 of the Dungeon.
You worshipped Xom.
You were a plaything of Xom.
You were not hungry.

You visited 1 branch of the dungeon, and saw 3 of its levels.

You collected 85 gold pieces.

Inventory:

Hand Weapons
 e - a +0 quarterstaff
 f - a cursed +0 mace (weapon)
Armour
 a - a +0 hat (worn)
 d - a +2 cloak (worn)
Scrolls
 h - a scroll of recharging
Books
 b - a book of Minor Magic

   Spells                             Type                      Level
   a - Magic Dart                     Conjuration                  1
   b - Blink                          Translocation                2
   c - Call Imp                       Summoning                    2
   d - Slow                           Hexes                        2
   e - Conjure Flame                  Conjuration/Fire             3
   f - Mephitic Cloud                 Conjuration/Poison/Air       3


   Skills:
 + Level 1.2 Fighting
 + Level 1.2 Maces & Flails
 + Level 2.2 Dodging
 + Level 2.1 Stealth
 + Level 0.6 Unarmed Combat
 * Level 4.4 Spellcasting
 + Level 2.1 Conjurations
 + Level 1.0 Summonings
 + Level 1.0 Translocations


You had 7 spell levels left.
You knew the following spells:

 Your Spells              Type           Power        Failure   Level  Hunger
a - Magic Dart            Conj           ##..         6%          1    None
b - Blink                 Tloc           N/A          14%         2    #......
c - Call Imp              Summ           #.......     14%         2    #......


Dungeon Overview and Level Annotations

Branches:
Dungeon (3/15)

Altars:
Xom


Innate Abilities, Weirdness & Mutations

Your plain brown scales are hard. (AC +5)
You cannot fit into any form of body armour.
You are cold-blooded and may be slowed by cold attacks.
You are very agile. (Dex +4)


Message History

You feel sick. The adder bites you.
* * * LOW HITPOINT WARNING * * *
The adder barely misses you.
* * * LOW HITPOINT WARNING * * *
You feel sick.
* * * LOW HITPOINT WARNING * * *
You feel sick.
* * * LOW HITPOINT WARNING * * *
You feel sick. The adder closely misses you.
* * * LOW HITPOINT WARNING * * *
You feel sick.
* * * LOW HITPOINT WARNING * * *
You feel sick. The adder bites you.
* * * LOW HITPOINT WARNING * * *
You are more poisoned.
The adder poisons you!
* * * LOW HITPOINT WARNING * * *
You feel sick. The adder bites you.
You die... "What!?
That's it?"

##...## #.# ##### ##.## ##
## # #...# #. .##. #...#
#.#... #...# ...#
#...###########.##
#.........#......####
.####..S####......!......
.........@.....#.#.#..##..
...............#.#........
...............#.#..#.##..
.#####...#####.#.#†.#.##..
#.........#.........#
#...########...######
#...# #.### #...#
####.##### #...# #........


You could see an adder.

Vanquished Creatures
  Jessica (D:2)
  Natasha (twice) (D:2)
  3 adders
  A dart slug (D:2)
  2 leopard geckos
  2 giant cockroaches
  11 hobgoblins
  2 quokkas (D:2)
  6 bats
  3 frilled lizards
  13 goblins
  7 kobolds
  10 rats
63 creatures vanquished.

Notes
Turn   | Place    | Note
-------+----------+-------------------------------------------
     0 | D:1      | Icer the Draconian Wizard began the quest for the Orb.
     0 | D:1      | Reached XP level 1. HP: 14/14 MP: 4/4
   356 | D:1      | Reached XP level 2. HP: 18/20 MP: 3/6
  1204 | D:2      | Reached XP level 3. HP: 26/26 MP: 6/8
  1243 | D:2      | Noticed Natasha
  1255 | D:2      | Killed Natasha
  1377 | D:2      | Found a shimmering altar of Xom.
  1379 | D:2      | Found a basalt altar of Yredelemnul.
  1379 | D:2      | Found a radiant altar of Vehumet.
  1381 | D:2      | Found a shattered altar of Ashenzari.
  1381 | D:2      | Found a shattered altar of Ashenzari.
  1381 | D:2      | Found an ancient bone altar of Kikubaaqudgha.
  1420 | D:2      | Became a worshipper of Xom of Chaos
  1437 | D:2      | Noticed Jessica
  1442 | D:2      | XOM: divination: detect items
  1447 | D:2      | Killed Jessica
  1447 | D:2      | Reached XP level 4. HP: 31/34 MP: 2/9
  1491 | D:2      | Reached skill level 4 in Spellcasting
  1526 | D:2      | XOM: divination: detect creatures
  1652 | D:2      | Learned a level 2 spell: Blink
  1656 | D:2      | Learned a level 2 spell: Call Imp
  1791 | D:2      | Reached skill level 1 in Fighting
  1822 | D:2      | Noticed Natasha
  1943 | D:2      | XOM: harmless Hex miscast
  2260 | D:2      | Killed Natasha
  2260 | D:2      | Reached skill level 1 in Maces & Flails
  2260 | D:2      | Reached XP level 5. HP: 40/40 MP: 2/11
  2672 | D:3      | Gained mutation: You are agile. (Dex +2) [potion of mutation]
  2672 | D:3      | Gained mutation: You are very agile. (Dex +4) [potion of mutation]
  2694 | D:3      | HP: 2/40 [adder (1)]
  2695 | D:3      | Slain by an adder

Vault maps used:
D:1:      minmay_arrival_stair_chambers
D:2:      cheibrodos_greedy_goblins, doesnt_xom_only_xom, uniq_jessica,
          uniq_natasha
D:3:      lemuel_coloured_pillars_altar, uniq_iyjb

Skill      XL: |  1  2  3  4 |
---------------+-------------+-----
Dodging        | 2 |  2.2
Stealth        | 2 |  2.1
Spellcasting   | 4 |  4.4
Conjurations   | 2 |  2.1
Fighting       | 1 |  1.2
Maces & Flails | 1 |  1.2
Unarmed Combat | |  0.6
Summonings     | |  1.0
Translocations | |  1.0

Action                   |  1- 3 |  4- 6 || total
-------------------------+-------+-------++-------
Melee: Unarmed           |    35 |       ||    35
       Mace              |    20 |    75 ||    95
       Tailslap          |     1 |     3 ||     4
Throw: Throwing net      |       |     2 ||     2
 Cast: Magic Dart        |    66 |    58 ||   124
       Blink             |       |     3 ||     3
  Use: Scroll            |     3 |     3 ||     6
       Potion            |     1 |     3 ||     4
  Eat: Chunk             |     2 |       ||     2
       Bread ration      |       |     1 ||     1
Armor: Skin              |    23 |    37 ||    60
Dodge: Dodged            |    54 |    83 ||   137
